Map: Terraform LE (Void)

Players

Polt

  • Race: Terran Terran
  • League: Platinum

PAIN - Winner!

  • Race: Protoss Protoss
  • League: Master

Event: Lycan League Weekly August #3

VOD

Have the link to the VOD?

Description

Time

  • Played on: Aug. 17, 2015, 12:40 p.m.
  • Length: 9:02

All games in this series

Show
View Real Time Build Order
Export as new Build Order

Polt Terran 

Build Orders:  

Get SALT Encoding   

  12  0:02  SCV  
  13  0:14  SCV  
  14  0:22  Supply Depot  
  14  0:26  SCV  
  15  0:44  SCV  
  15  0:45  Barracks  
  16  0:50  Refinery  
  16  1:05  SCV  
  17  1:17  SCV  
  18  1:29  SCV  
  18  1:32  Supply Depot  
  19  1:33  Marine  
  20  1:45  Orbital Command  
  20  1:57  Marine  
  20  2:00  Factory  
  21  2:02  Refinery  
  21  2:18  Marine  
  21  2:20  SCV  
  23  2:33  Supply Depot  
  23  2:36  Marine  
  23  2:39  SCV  
  23  2:43  Widow Mine  
  26  2:48  Starport  
  27  2:51  SCV  
  27  2:54  Marine  
  28  3:03  SCV  
  29  3:12  Marine  
  30  3:15  SCV  
  30  3:17  Supply Depot  
  31  3:24  Widow Mine  
  31  3:25  Medivac  
  35  3:27  SCV  
  35  3:28  Supply Depot  
  35  3:30  Marine  
  37  3:47  Marine  
  38  3:53  Widow Mine  
  40  3:55  SCV  
  41  4:10  Starport Tech Lab  
  41  4:11  Barracks Reactor  
  41  4:16  Barracks  
  41  4:17  Barracks  
  41  4:19  Command Center  
  41  4:31  Raven  
  41  4:32  Factory Tech Lab  
  35  4:58  Siege Tank  
  35  4:59  Marine x2  
  36  5:19  SCV  
  36  5:22  Marine x2  
  37  5:31  SCV  
  35  5:38  Raven  
  35  5:44  SCV  
  34  5:56  SCV  
  34  6:00  Siege Tank, Marine  
  34  6:01  Marine  
  39  6:06  Marine  
  39  6:08  SCV  
  41  6:20  SCV, Marine x2  
  41  6:24  Marine  
  45  6:27  Marine  
  45  6:32  SCV, Siege Tank  
  50  6:37  Marine  
  50  6:38  Marine  
  52  6:42  Marine  
  52  6:44  SCV  
  52  6:45  Marine  
  53  6:55  Raven  
  53  7:01  Marine x2  
  57  7:04  Marine x2  
  55  7:18  Marine  
  56  7:26  Marine x2  
  56  7:27  Marine  
  56  7:28  Siege Tank  
  62  7:49  Marine  
  63  7:56  Supply Depot  
  63  8:17  Viking, Siege Tank  
  63  8:18  SCV  
Show
View Real Time Build Order
Export as new Build Order

PAIN Protoss - Winner!

Build Orders: Oracle Opening 

Get SALT Encoding   

  12  0:01  Probe  
  13  0:16  Pylon  
  13  0:18  Probe  
  14  0:34  Gateway  
  14  0:36  Probe (Chrono Boost)  
  15  0:48  Probe (Chrono Boost), Assimilator  
  16  0:52  Assimilator  
  16  0:55  Probe (Chrono Boost)  
  17  1:05  Probe (Chrono Boost)  
  17  1:10  Pylon  
  18  1:15  Probe (Chrono Boost)  
  19  1:23  Probe  
  19  1:24  Cybernetics Core  
  20  1:37  Probe (Chrono Boost)  
  22  1:47  Probe (Chrono Boost)  
  22  1:54  Probe  
  23  2:01  Nexus  
  23  2:06  Mothership Core  
  24  2:11  Adept (Chrono Boost)  
  24  2:14  Warp Gate  
  26  2:20  Pylon  
  26  2:27  Probe  
  27  2:44  Probe  
  28  2:48  Stargate  
  28  2:56  Probe (Chrono Boost)  
  29  3:08  Probe (Chrono Boost)  
  29  3:09  Sentry  
  32  3:15  Probe (Chrono Boost)  
  32  3:17  Probe (Chrono Boost)  
  34  3:25  Probe  
  35  3:27  Forge  
  35  3:28  Probe (Chrono Boost), Pylon  
  35  3:32  Oracle  
  39  3:37  Probe (Chrono Boost)  
  41  3:46  Probe (Chrono Boost)  
  41  3:47  Probe (Chrono Boost)  
  42  3:50  Twilight Council  
  42  3:52  Probe (Chrono Boost)  
  43  3:56  Assimilator  
  43  3:57  Assimilator  
  43  4:00  Probe (Chrono Boost)  
  43  4:01  Photon Cannon  
  43  4:02  Probe (Chrono Boost)  
  45  4:07  Photon Cannon  
  45  4:08  Probe  
  46  4:15  Phoenix  
  46  4:16  Probe  
  49  4:21  Probe  
  50  4:28  Pylon  
  50  4:33  Gateway  
  50  4:35  Gateway, Probe x2  
  52  5:00  Probe  
  52  5:03  Probe  
  54  5:07  Stalker, Protoss Ground Weapons Level 1 (Chrono Boost)  
  54  5:09  Blink (Chrono Boost)  
  56  5:14  Probe  
  56  5:17  Oracle  
  56  5:20  Probe  
  61  5:26  Probe  
  62  5:29  Stalker  
  62  5:30  Stalker  
  62  5:32  Probe  
  67  5:38  Probe  
  68  5:44  Gateway  
  68  5:45  Gateway  
  68  5:46  Pylon  
  68  5:54  Probe  
  68  5:55  Probe  
  67  6:06  Probe  
  67  6:08  Nexus  
  67  6:10  Pylon  
  68  6:17  Stalker x2  
  72  6:18  Pylon  
  72  6:23  Probe  
  72  6:24  Probe  
  74  6:30  Robotics Facility  
  74  6:35  Probe  
  74  6:36  Probe  
  74  6:38  Pylon  
  76  6:47  Probe  
  76  6:48  Probe  
  76  6:52  Pylon  
  76  6:54  Stalker x4  
  84  6:56  Pylon  
  84  6:59  Probe  
  84  7:00  Probe  
  88  7:02  Photon Cannon  
  88  7:05  Pylon  
  88  7:27  Stalker  
  88  7:28  Stalker x3  
  94  7:30  Immortal (Chrono Boost)  
  94  7:33  Robotics Bay  
  98  7:50  Gateway  
  98  7:52  Gateway  
  98  7:55  Gateway  
  98  7:57  Gateway  
  98  8:01  Pylon  
  98  8:02  Stalker x2  
  98  8:03  Stalker, Pylon  
  98  8:05  Observer (Chrono Boost)  
  104  8:06  Stalker  
  104  8:12  Photon Cannon  
  109  8:28  Stalker x4  
  109  8:31  Disruptor (Chrono Boost)  

Tags
 
Add a new tag
Caveats
  • Supply blocks, unpowered buildings, or Contaminate may cause inaccurate times.
  • Supply counts are checked every 10 seconds.